 Dungeon Crawl Stone Soup version 0.30-a0-1035-g38d5fb2972 (webtiles) character file.

Game seed: 17375851105140602122

270 MacCMillion the Shooter (level 5, -2/41 HPs)
             Began as a Demigod Hunter on Apr 8, 2023.
             Slain by an orc
             ... wielding a +0 flail
              (3 damage)
             ... on level 3 of the Dungeon.
             The game lasted 00:04:25 (4007 turns).

MacCMillion the Shooter (Demigod Hunter)            Turns: 4007, Time: 00:04:26

Health: -2/41      AC:  3    Str: 12    XL:     5   Next: 69%
Magic:  7/7        EV: 12    Int: 11    God:
Gold:   261        SH:  0    Dex: 21    Spells: 4/4 levels left

rFire   . . .      SeeInvis .    a - +0 shortbow
rCold   . . .      Faith    .    (shield currently unavailable)
rNeg    . . .      Spirit   .    c - +0 leather armour
rPois   .          Reflect  .    (no helmet)
rElec   .          Rampage  .    (no cloak)
rCorr   .                        (no gloves)
Will    .....                    (no boots)
Stlth   ++                       (no amulet)
HPRegen 0.26/turn                (no ring)
MPRegen 0.10/turn                (no ring)

@: no status effects
A: high MP 1, forlorn, divine attributes
a: no special abilities


You were on level 3 of the Dungeon.
You visited 1 branch of the dungeon, and saw 4 of its levels.

You collected 261 gold pieces.

Inventory:

Hand Weapons
 a - a +0 shortbow (weapon)
Missiles
 t - a throwing net
Armour
 c - a +0 leather armour (worn)
Jewellery
 p - a ring of magical power
Wands
 k - a wand of paralysis (5)
Scrolls
 b - 2 scrolls of immolation
 d - 2 scrolls of fog {unknown}
 e - a scroll of vulnerability {unknown}
 f - a scroll of noise {unknown}
 h - 2 scrolls of teleportation {unknown}
 j - 2 scrolls of identify {unknown}
 m - a scroll of enchant weapon {unknown}
 n - 3 scrolls of blinking {unknown}
Potions
 g - 2 potions of degeneration
 i - a potion of cancellation {unknown}
 l - a potion of brilliance {unknown}
 o - 2 potions of invisibility {unknown}
 q - a potion of might {unknown}
 r - a potion of heal wounds
 s - 2 potions of curing {unknown}


   Skills:
 - Level 1.7 Fighting
 + Level 6.4 Ranged Weapons
 - Level 1.7 Dodging
 - Level 2.0 Stealth


You had 4 spell levels left.
You didn't know any spells.
Your spell library was empty.

Dungeon Overview and Level Annotations

Branches:
Dungeon (4/15)
 Temple: D:4-7

Shops:
D:3 [

Annotations:
D:2 Terence
D:4 Pikel


Innate Abilities, Weirdness & Mutations

You have an increased reservoir of magic. (+10% MP)
You shall have no god before yourself.
Your divine heritage dramatically boosts your attributes as you level up.


Message History

Fire: a) +0 shortbow
Press: ? - help, Q - select action, (/) - cycle Shift-Dir - straight line, f/p - orc
Aim: an orc, wielding a +0 flail and wearing a +0 leather armour (65% to hit)
You shoot an arrow.
The arrow hits the orc but does no damage.
The orc hits you with a +0 flail!
* * * LOW HITPOINT WARNING * * *
Fire: a) +0 shortbow
Press: ? - help, Q - select action, (/) - cycle Shift-Dir - straight line, f/p - orc
Aim: an orc, wielding a +0 flail and wearing a +0 leather armour (65% to hit)
You shoot an arrow. The arrow hits the orc.
The orc is moderately wounded.
The orc hits you but does no damage.
Unknown command.
Fire: a) +0 shortbow
Press: ? - help, Q - select action, (/) - cycle Shift-Dir - straight line, f/p - orc
Aim: an orc, wielding a +0 flail and wearing a +0 leather armour (moderately wounded, 65% to hit)
You shoot an arrow. The arrow hits the orc.
The orc is moderately wounded.
The orc misses you.
Fire: a) +0 shortbow
Press: ? - help, Q - select action, (/) - cycle Shift-Dir - straight line, f/p - orc
Aim: an orc, wielding a +0 flail and wearing a +0 leather armour (moderately wounded, 65% to hit)
You shoot an arrow. The arrow closely misses the orc.
The arrow hits the worm.
You kill the worm!
The orc closely misses you.
Unknown command.
Fire: a) +0 shortbow
Press: ? - help, Q - select action, (/) - cycle Shift-Dir - straight line, f/p - orc
Aim: an orc, wielding a +0 flail and wearing a +0 leather armour (moderately wounded, 65% to hit)
You shoot an arrow. The arrow hits the orc.
The orc is severely wounded.
The orc barely misses you. The orc hits you with a +0 flail.
* * * LOW HITPOINT WARNING * * *
Fire: a) +0 shortbow
Press: ? - help, Q - select action, (/) - cycle Shift-Dir - straight line, f/p - orc
Aim: an orc, wielding a +0 flail and wearing a +0 leather armour (severely wounded, 65% to hit)
You shoot an arrow. The arrow closely misses the orc.
The orc hits you with a +0 flail.
You die...

######## ###########
#......###.........#
#.......>..###.###.# #####
#..###.###.##...##.###...##
#..# #.###.#.....#.##.....#
#..# #........#.@o........#
#..#######.##...##.##.).).####
#..................###.>.....#
#.############.##### #######.#
#.## ##'## #.# #..# ##...##
#.# ##.### ##.....## ### #.#
#.#.## ##.......## ##.###.#
##....####.........####...##.#


You could see an orc.

Vanquished Creatures
  A lemure (D:3)
  A jelly (D:3)
  An orc priest (D:3)
  2 hounds
  3 gnolls (D:3)
  7 adders
  3 worms
  A dart slug (D:2)
  3 orcs (D:3)
  4 endoplasms
  4 giant cockroaches
  7 goblins
  2 hobgoblins
  5 kobolds
  A quokka (D:4)
  5 ball pythons
  2 bats
  4 frilled lizards
  2 rats
58 creatures vanquished.

Notes
Turn   | Place    | Note
-------+----------+-------------------------------------------
     0 | D:1      | MacCMillion the Demigod Hunter began the quest for the Orb.
     0 | D:1      | Reached XP level 1. HP: 17/17 MP: 3/3
   129 | D:1      | Reached skill level 1 in Stealth
   774 | D:2      | Reached XP level 2. HP: 22/24 MP: 4/4
   895 | D:2      | Reached skill level 4 in Ranged Weapons
  1125 | D:2      | Noticed Terence
  1193 | D:2      | Reached XP level 3. HP: 29/29 MP: 5/5
  2082 | D:3      | Found Ycyash's Antique Armour Shop.
  2240 | D:3      | Reached XP level 4. HP: 36/36 MP: 6/6
  2331 | D:3      | Reached skill level 5 in Ranged Weapons
  3076 | D:4      | Noticed Pikel
  3076 | D:4      | Noticed a lemure
  3076 | D:4      | Noticed a lemure
  3076 | D:4      | Noticed a lemure
  3076 | D:4      | Noticed a lemure
  3089 | D:3      | Reached XP level 5. HP: 35/41 MP: 7/7
  3386 | D:3      | Reached skill level 6 in Ranged Weapons
  4006 | D:3      | HP: 1/41 [orc/+0 flail (3)]
  4007 | D:3      | Slain by an orc

Illustrated notes

Levels and vault maps discovered:
D:1:      spicycebolla_green_bress_n_ham, layout_loops_ring, serial_aquarium,
          aquarium_bridge_square [aquarium_subvault_bridge,
          aquarium_subvault_bridge, aquarium_subvault_bridge,
          aquarium_subvault_window], aquarium_bridge_square
          [aquarium_subvault_wall, aquarium_subvault_bridge,
          aquarium_subvault_bridge, aquarium_subvault_bridge],
          aquarium_window_2, aquarium_window_2, aquarium_window_fake,
          aquarium_view_2b, aquarium_view_2e
D:2:      layout_basic, uniq_terence
D:3:      layout_loops_corners, jmf_multi_god_temple, serial_shops,
          nicolae_shop_trees, dreamdust_wishing_well
D:4:      layout_cave_pods, uniq_pikel

Skill      XL: |  1  2  3  4  5 |
---------------+----------------+-----
Stealth        | 1 2 |  2.0
Ranged Weapons | 4 5 6 |  6.4
Fighting       | |  1.7
Dodging        | |  1.7

Action                     |  1- 3 |  4- 6 || total
---------------------------+-------+-------++-------
   Fire: Shortbow          |    83 |   100 ||   183
    Use: Potion            |     2 |       ||     2
 Armour: Leather armour    |     5 |    11 ||    16
  Dodge: Dodged            |    18 |    56 ||    74

Table legend: (Time is in decaauts)
 A = Elapsed time spent in this place.
 B = Non-inter-level travel time spent in this place.
 C = Inter-level travel time spent in this place.
 D = Time resting spent in this place.
 E = Time spent auto-exploring this place.
 F = Levels seen in this place.
 G = Mean time per level.
                   A        B        C        D        E       F      G
               +--------+--------+--------+--------+--------+-----+--------+
         Total |   4060 |   3847 |    213 |    878 |   2444 |   4 | 1015.0 |
       Dungeon |   4060 |   3847 |    213 |    878 |   2444 |   4 | 1015.0 |
               +--------+--------+--------+--------+--------+-----+--------+

Top non-repeatable levels by time:
     D:3: 1597 daAuts
     D:2: 1373 daAuts
     D:1: 694 daAuts
     D:4: 394 daAuts
